 Dungeon Crawl Stone Soup version 0.30-a0-347-gf58ed5266c (webtiles) character file.

Game seed: 4732988465211536944

333 Maxmaps the Poker (level 6, -8/44 HPs)
             Began as a Demonspawn Gladiator on Nov 7, 2022.
             Killed from afar by a steam dragon (18 damage)
             ... with a ball of steam
             ... on level 4 of the Dungeon.
             The game lasted 00:05:09 (2515 turns).

Maxmaps the Poker (Demonspawn Gladiator)            Turns: 2515, Time: 00:05:09

Health: -8/44      AC:  7    Str: 15    XL:     6   Next: 27%
Magic:  15/15      EV: 10    Int: 11    God:
Gold:   121        SH:  0    Dex: 14    Spells: 5/5 levels left

rFire   . . .      SeeInvis .    a - +0 trident
rCold   . . .      Faith    .    (no shield)
rNeg    . . .      Spirit   .    l - +0 scale mail
rPois   .          Reflect  .    (helmet restricted)
rElec   .          Harm     .    (no cloak)
rCorr   .          Rampage  .    p - +0 pair of gloves
Will    .....                    (no boots)
Stlth   ..........               (no amulet)
HPRegen 0.27/turn                s - ring of magical power
MPRegen 0.28/turn                (no ring)

@: attractive
A: horns 2, demonic guardian 2, magic regeneration
a: no special abilities


You were on level 4 of the Dungeon.
You visited 1 branch of the dungeon, and saw 5 of its levels.

You collected 121 gold pieces.

Inventory:

Hand Weapons
 a - a +0 trident (weapon)
Missiles
 d - 3 throwing nets (quivered)
 e - a javelin
Armour
 b - a +0 leather armour
 c - a +0 helmet
 l - a +0 scale mail (worn)
 p - a +0 pair of gloves (worn)
Jewellery
 s - a ring of magical power (left hand)
Scrolls
 j - 5 scrolls of identify {unknown}
 m - 2 scrolls of enchant weapon {unknown}
 n - a scroll of noise {unknown}
 o - 2 scrolls of poison {unknown}
 r - a scroll of fear {unknown}
Potions
 f - a potion of curing
 h - a potion of resistance
 i - a potion of might {unknown}
 k - 2 potions of degeneration
 q - a potion of berserk rage {unknown}


   Skills:
 - Level 2.0 Fighting
 + Level 6.5 Polearms
 - Level 1.7 Throwing
 - Level 2.6 Dodging


You had 5 spell levels left.
You didn't know any spells.
Your spell library contained the following spells:

 Spells                   Type           Power      Damage    Failure   Level
 Magic Dart               Conj           0%         1d3       83%         1
 Sandblast                Erth           0%         2d4       83%         1
 Sting                    Tmut/Pois      0%         1d3       83%         1
 Passwall                 Tmut/Erth      0%         N/A       92%         2
 Poisonous Vapours        Pois/Air       0%         N/A       92%         2
 Scorch                   Fire           0%         2d5       92%         2
 Searing Ray              Conj           0%         2d4       92%         2
 Ignite Poison            Fire/Tmut/Pois 0%         N/A       99%         3
 Inner Flame              Hex/Fire       0%         N/A       99%         3
 Stone Arrow              Conj/Erth      0%         3d7       99%         3
 Fulminant Prism          Conj/Hex       0%         3d5       100%        4
 Olgreb's Toxic Radiance  Pois           0%         N/A       100%        4
 Sticky Flame             Conj/Fire      0%         2d3       100%        4


Dungeon Overview and Level Annotations

Branches:
Dungeon (5/15)
 Temple: D:4-7

Altars:

Shops:
D:2 !!*(=


Innate Abilities, Weirdness & Mutations

You have a pair of horns on your head.
A demonic guardian rushes to your aid.
You regenerate magic rapidly.


Message History

The ball of steam misses you.
The goblin shoots a sling bullet.
The sling bullet closely misses you.
You hear a shout!
The ball python is attracted toward you.
The goblin is attracted toward you.
Okay, then.
You puncture the steam dragon!
The steam dragon is moderately wounded.
You are engulfed in a cloud of scalding steam.
The steam dragon barely misses you. x2; The goblin unwields a +0 sling.
The goblin wields a +0 dagger.
The goblin hits you with a +0 dagger.
You are too injured to fight recklessly!
Unknown command.
You are too injured to fight recklessly!
You are too injured to fight recklessly!
You are too injured to fight recklessly!
You are too injured to fight recklessly!
You are too injured to fight recklessly!
You closely miss the steam dragon.
The steam dragon is moderately wounded.
You are engulfed in a cloud of scalding steam.
* * * LOW HITPOINT WARNING * * *
A demonic guardian appears!
The steam dragon bites you but does no damage.
The steam dragon claws you but does no damage.
You feel better.
The ball python bites you but does no damage.
The ball python grabs you. The ball python constricts you.
The goblin hits you but does no damage. The steam dragon bites you.
* * * LOW HITPOINT WARNING * * *
The steam dragon claws you but does no damage.
The ball python bites you but does no damage.
The ball python constricts you.
Your rust devil hits the steam dragon.
Your rust devil corrodes the steam dragon!
You escape the ball python's grasp.
The goblin unwields a +0 dagger.
The goblin wields a +0 sling.
The goblin shoots a sling bullet.
The sling bullet completely misses you. The steam dragon breathes steam at you.
The ball of steam hits you!!
You die...

#.........#
#........##
#........#
#§......## .
#§.§.§..#
..####......##
.......#...##
.#.......#
...#§§@§###
......§§§#
.....§.SDg#
.........4#
.........§.
...........§
.............
....##..#....
..## ##.#.....


You could see a steam dragon (catching breath, corroded, ally target), a goblin,
a ball python and a friendly rust devil (summoned).

Vanquished Creatures
  Sigmund (D:2)
  A howler monkey (D:4)
  An orc wizard (D:4)
  An adder (D:4)
  2 worms (D:3)
  2 dart slugs
  8 orcs
  2 endoplasms
  4 giant cockroaches
  4 goblins
  7 hobgoblins
  A jackal (D:4)
  10 kobolds
  5 quokkas
  3 ball pythons
  5 bats
  3 frilled lizards
  8 rats
68 creatures vanquished.

Vanquished Creatures (collateral kills)
  A worm (D:1)
1 creature vanquished.

Vanquished Creatures (others)
  A plant (D:3)
1 creature vanquished.

Grand Total: 70 creatures vanquished

Notes
Turn   | Place    | Note
-------+----------+-------------------------------------------
     0 | D:1      | Maxmaps the Demonspawn Gladiator began the quest for the
                  | Orb.
     0 | D:1      | Reached XP level 1. HP: 16/16 MP: 1/1
    60 | D:1      | Found a faded altar of an unknown god.
    91 | D:1      | Reached skill level 3 in Polearms
   131 | D:1      | Gained mutation: A weak demonic guardian rushes to your
                  | aid. [demonic ancestry]
   131 | D:1      | Reached XP level 2. HP: 22/22 MP: 2/2
   755 | D:2      | Found Jannexom's Distillery.
   794 | D:2      | Found Laenn's Distillery.
   816 | D:2      | Gained mutation: You regenerate magic rapidly. [demonic
                  | ancestry]
   816 | D:2      | Reached XP level 3. HP: 27/27 MP: 3/3
   829 | D:2      | Found Fiq Bem's General Store.
   854 | D:2      | Found Moyl's Weapon Shop.
   941 | D:2      | Found Yseutul's Jewellery Emporium.
   946 | D:2      | Reached skill level 4 in Polearms
  1120 | D:2      | Noticed Sigmund
  1148 | D:2      | Killed Sigmund
  1149 | D:2      | Reached skill level 5 in Polearms
  1149 | D:2      | Gained mutation: You have a pair of small horns on your
                  | head. [demonic ancestry]
  1149 | D:2      | Reached XP level 4. HP: 14/33 MP: 4/4
  1149 | D:2      | Gained mutation: You have a pair of horns on your head.
                  | [demonic ancestry]
  1149 | D:2      | Reached XP level 5. HP: 17/38 MP: 5/5
  1450 | D:3      | Got the Teachings on the Scorched Assassin
  1712 | D:3      | Reached skill level 6 in Polearms
  2063 | D:4      | Gained mutation: A demonic guardian rushes to your aid.
                  | [demonic ancestry]
  2063 | D:4      | Reached XP level 6. HP: 36/44 MP: 6/6
  2194 | D:4      | You fall into a shaft and drop 1 floor!
  2194 | D:5      | Entered Level 5 of the Dungeon
  2501 | D:4      | Noticed a steam dragon
  2515 | D:4      | Killed from afar by a steam dragon

Illustrated notes

Levels and vault maps discovered:
D:1:      dpeg_arrival_brainrot, layout_loops_ring,
          hellmonk_ecumenical_altar_arch_garden
D:2:      layout_rooms, serial_shops, shop, shop, nicolae_shop_stone,
          nicolae_square_shop, shop, uniq_sigmund
D:3:      corexii_shack_village, layout_loops_ring, tso_altar
D:4:      layout_cave_pods
D:5:      layout_cave_pods, minmay_temple_entry_offerings, minmay_bent

Skill      XL: |  1  2  3  4  5 |
---------------+----------------+-----
Polearms       | 3 5 6 |  6.5
Fighting       | |  2.0
Throwing       | |  1.7
Dodging        | |  2.6

Action                   |  1- 3 |  4- 6 || total
-------------------------+-------+-------++-------
Melee: Trident           |   126 |    88 ||   214
       Punch             |     1 |     2 ||     3
       Headbutt          |       |    10 ||    10
  Use: Potion            |     3 |     3 ||     6
Armor: Leather armour    |    11 |       ||    11
       Scale mail        |    18 |    40 ||    58
       Skin              |     3 |       ||     3
Dodge: Dodged            |    46 |    60 ||   106

Table legend: (Time is in decaauts)
 A = Elapsed time spent in this place.
 B = Non-inter-level travel time spent in this place.
 C = Inter-level travel time spent in this place.
 D = Time resting spent in this place.
 E = Time spent auto-exploring this place.
 F = Levels seen in this place.
 G = Mean time per level.
                   A        B        C        D        E       F      G
               +--------+--------+--------+--------+--------+-----+--------+
         Total |   2528 |   2413 |    115 |    222 |   1673 |   5 |  505.6 |
       Dungeon |   2528 |   2413 |    115 |    222 |   1673 |   5 |  505.6 |
               +--------+--------+--------+--------+--------+-----+--------+

Top non-repeatable levels by time:
     D:1: 763 daAuts
     D:3: 717 daAuts
     D:2: 551 daAuts
     D:4: 461 daAuts
     D:5: 34 daAuts
